 Dungeon Crawl Stone Soup version 0.21-a0-193-g085b6a0 (webtiles) character file.

4572 MackTheKnife the Cleaver (level 10, -10/82 HPs)
             Began as a Formicid Fighter on Aug 14, 2017.
             Was an Initiate of Gozag.
             Killed by nerve-wracking pain
             ... invoked by a shadow imp
              (12 damage)
             ... on level 8 of the Dungeon.
             The game lasted 00:11:03 (7451 turns).

MackTheKnife the Cleaver (Formicid Fighter)         Turns: 7451, Time: 00:11:03

Health: -10/82     AC: 12    Str: 25    XL:     10   Next: 68%
Magic:  10/10      EV:  9    Int:  7    God:    Gozag
Gold:   240        SH: 11    Dex: 10    Spells: 9/9 levels left

rFire    + . .     SeeInvis +   y - +2 war axe (flame)
rCold    . . .     Gourm    .   c - +0 shield
rNeg     . . .     Faith    .   A - +4 scale mail "Zefie" {Stlth+}
rPois    +         Spirit   .   (helmet unavailable)
rElec    .         Reflect  .   (no cloak)
rCorr    .         Harm     .   l - +0 pair of gloves
MR       +....                  (no boots)
Stlth    +.........             (no amulet)
HPRegen  0.23/turn              n - ring of protection from fire {rF+, !d}
MPRegen  0.12/turn              w - ring of poison resistance {rPois, !d}

@: no status effects
A: permanent stasis, dig shafts and tunnels, four strong arms, antennae 3
a: Dig, Shaft Self, Potion Petition, Call Merchant, Bribe Branch, Renounce
Religion


You were on level 8 of the Dungeon.
You worshipped Gozag.
Gozag was aware of your devotion.
You were not hungry.

You visited 2 branches of the dungeon, and saw 10 of its levels.

You collected 1050 gold pieces.
You spent 218 gold pieces at shops.
You paid 592 gold pieces to Gozag.

Inventory:

Hand Weapons
 y - a +2 war axe of flaming (weapon)
   (You found it on level 8 of the Dungeon)
 E - a +2 battleaxe of venom
   (You bought it in a shop on level 7 of the Dungeon)
Missiles
 t - 3 throwing nets {=f, !d}
Armour
 c - a +0 shield (worn)
 l - a +0 pair of gloves (worn)
   (You found it on level 5 of the Dungeon)
 A - the +4 scale mail "Zefie" (worn) {Stlth+}
   (You found it on level 6 of the Dungeon)

   It makes you more stealthy.
Jewellery
 n - a ring of protection from fire (left hand) {rF+, !d}
   (You found it on level 3 of the Dungeon)
 o - an uncursed ring of ice {rC+, rF-}
   (You found it on level 3 of the Dungeon)
 u - an uncursed ring of protection from cold {rC+, !d}
   (You found it on level 7 of the Dungeon)
 w - a ring of poison resistance (right hand) {rPois, !d}
   (You found it on level 5 of the Dungeon)
 B - an uncursed ring of resist corrosion
   (You found it on level 7 of the Dungeon)
 D - an uncursed ring of protection from cold {rC+, !d}
   (You found it on level 8 of the Dungeon)
Wands
 b - a wand of digging (15/24)
   (You took it off an orc on level 4 of the Dungeon)
 d - a wand of lightning (5/15)
   (You found it on level 6 of the Dungeon)
 e - a wand of digging (10/24)
   (You found it on level 4 of the Dungeon)
 p - a wand of lightning (11/15)
   (You found it on level 7 of the Dungeon)
 s - a wand of confusion (12/48)
   (You took it off Ijyb on level 4 of the Dungeon)
Scrolls
 k - 7 scrolls of remove curse
 m - 3 scrolls of immolation {!r}
Potions
 a - a potion of haste {unknown}
 g - 3 potions of curing
 j - a potion of agility
 q - a potion of lignification {unknown}
 r - a potion of brilliance
 v - 2 potions of heal wounds
 C - a potion of degeneration {unknown}
Books
 x - a book of Necromancy
   (You found it on level 6 of the Dungeon)
Comestibles
 f - 4 bread rations {@e1}
 h - 4 royal jellies
 i - 6 meat rations {@e2}
 z - 4 fruits


   Skills:
 - Level 8.4 Fighting
 + Level 11.5 Axes
 - Level 3.2 Armour
 - Level 8.3 Shields


You had 9 spell levels left.
You didn't know any spells.

Dungeon Overview and Level Annotations

Branches:
Dungeon (9/15)             Temple (1/1) D:5
   Lair: D:8-11         Orc: D:9-12

Altars:
Elyvilon
Gozag
Qazlal
Trog
Wu Jian
The Shining One

Shops:
D:5 }   D:7 (

Annotations:
D:4 Grinder


Innate Abilities, Weirdness & Mutations

You cannot be hasted, slowed, berserked, paralysed or teleported.
You can dig through walls and to a lower floor.
Your four strong arms can wield two-handed weapons with a shield.
You have a pair of large antennae on your head. (SInv)


Message History

An orc is nearby!
You barely miss the orc. You block the orc's attack.
An orc wizard comes into view. It is wielding a dagger.
There are monsters nearby!
The orc wizard shouts!
You slash the orc! You burn the orc.
You kill the orc!
A two-headed ogre comes into view.
It is wielding a giant spiked club and a giant club.
The two-headed ogre shouts in stereo!
The orc wizard gestures wildly while chanting.
The orc wizard flickers and vanishes for a moment.
Things that are here:
7 gold pieces; a flail
There are monsters nearby!
The orc wizard casts a spell at you.
You easily resist.
There are monsters nearby!
An orc priest comes into view. It is wielding a hand axe.
There are monsters nearby!
The orc priest shouts!
You slash the two-headed ogre! You burn the two-headed ogre.
The two-headed ogre hits you with a giant spiked club!
The two-headed ogre barely misses you.
An orc comes into view. It is wielding a club.
You take 11 damage, and have 71/82 hp.
The orc shouts!
You slash the two-headed ogre! You burn the two-headed ogre.
You slash the orc wizard! You burn the orc wizard.
The orc wizard points at you and mumbles some strange words.
You are confused.
The orc priest mumbles some strange prayers to Beogh against you.
Beogh smites you!
You take 9 damage, and have 62/82 hp.
You are too confused!
You feel better.
The two-headed ogre hits you with a giant spiked club!!
You block the two-headed ogre's attack.
The orc wizard drinks a potion.
The orc wizard is healed!
You take 10 damage, and have 52/82 hp.
You hit the two-headed ogre. You burn the two-headed ogre.
You hit the orc wizard but do no damage.
The two-headed ogre hits you but does no damage.
The two-headed ogre hits you with a giant club.
The orc wizard completely misses you.
You take 4 damage, and have 48/82 hp.
The orc wizard points at you and mumbles some strange words.
You are confused.
You're too confused to move!
The two-headed ogre hits you with a giant spiked club!
The two-headed ogre closely misses you.
You take 13 damage, and have 35/82 hp.
You feel better.
The orc is distracted by the nearby gold.
You block the orc wizard's attack.
You regained 10 hp, and now have 45/82 hp.
You block the two-headed ogre's attack.
The two-headed ogre hits you with a giant club.
Things that are here:
7 gold pieces; a flail You take 6 damage, and have 39/82 hp.
The orc is no longer distracted by gold.
The orc priest looks encouraged for a moment.
The orc priest calls down the wrath of Beogh upon you.
Beogh smites you!
You take 11 damage, and have 30/82 hp.
The orc priest looks braver for a moment.
The orc priest mumbles some strange prayers to Beogh against you.
Beogh smites you!
* * * LOW HITPOINT WARNING * * *
You take 15 damage, and have 16/82 hp.
The orc wizard points at you and mumbles some strange words.
The magic dart hits you!
* * * LOW HITPOINT WARNING * * *
You take 5 damage, and have 17/82 hp.
The orc wizard casts a spell.
The orc wizard flickers and vanishes for a moment.
There is a stone staircase leading up, spattered with blood here.
You climb upwards.
You block the two-headed ogre's attack. The two-headed ogre misses you.
There is a stone staircase leading down here.
You block the shadow imp's attack. The two-headed ogre misses you.
You block the two-headed ogre's attack. The shadow imp gestures at you.
You resist with significant effort. The shadow imp gestures at you.
Pain shoots through your body!
* * * LOW HITPOINT WARNING * * *
You take 2 damage, and have 19/82 hp.
The two-headed ogre shouts in stereo!
The two-headed ogre hits you with a giant spiked club!
* * * LOW HITPOINT WARNING * * *
The two-headed ogre hits you with a giant club!
* * * LOW HITPOINT WARNING * * *
You take 19 damage, and have 2/82 hp.
MASSIVE DAMAGE!!
The shadow imp gestures at you. Pain shoots through your body!
You die...
Your body crumbles into a pile of gold.

####........#....######.#
......#..#....#..######.###
#######..#.#.##...........#
#######..#.#.###.######.#.#
.....##.>#.#.# #.# #.#.#
##.......#.#.# #.# #.#.#
...###..##[#.###O##
#.#.#######
....##.....O5.....#
#.<........
.....#..#....###@.#
###.#######
>.......#..#####..# ##...##
# ...[..#.#.........#
##.{...## #
......#.#.#######.#
#...O...#### .....##.#.#
#.# #....<......
.....##.#.# #.#
#.)))...#### .....##.#.#
#.# #..)...## .######.#.#
#.# #.#...## .# #.#.# ##.##
#.##.#######


You could see 2 two-headed ogres and a shadow imp.

Vanquished Creatures
  The ghost of MackTheKnife the Cleaver, a novice DsGl of Makhleb (D:9)
  Pikel (D:5)
  An acid dragon (D:8)
  A water moccasin (D:5)
  The ghost of MackTheKnife the Cutter, an amateur VSFi (D:3)
  An orc warrior (D:8)
  3 ice beasts
  A black bear (D:9)
  2 sky beasts
  2 phantoms
  A centaur (D:6)
  3 ogres
  A big kobold (D:7)
  5 bullfrogs
  3 gnoll sergeants
  4 wights (D:7)
  3 crimson imps
  3 howler monkeys (D:7)
  A bullfrog zombie (D:6)
  A quasit (D:7)
  4 hounds
  2 jellies (D:5)
  2 orc priests
  A bullfrog skeleton (D:8)
  A centaur skeleton (D:7)
  A gnoll shaman (D:8)
  Terence (D:3)
  Ijyb (D:4)
  2 orc wizards
  5 worker ants
  3 hound skeletons
  A worker ant zombie (D:7)
  Robin (D:3)
  28 gnolls
  8 adders
  3 shadow imps
  An ooze (D:1)
  3 adder skeletons
  An adder zombie (D:8)
  4 leopard geckos
  17 orcs
  3 giant cockroaches
  11 goblins
  10 hobgoblins
  8 jackals
  5 quokkas
  A ball python (D:6)
  A ball python skeleton (D:4)
  5 bats
  3 frilled lizards
  12 kobolds
  2 leopard gecko zombies
  7 rats
197 creatures vanquished.

Notes
Turn   | Place    | Note
-------+----------+-------------------------------------------
     0 | D:1      | MackTheKnife the Formicid Fighter began the quest for the Orb.
     0 | D:1      | Reached XP level 1. HP: 18/18 MP: 1/1
   203 | D:1      | Reached XP level 2. HP: 22/24 MP: 2/2
   373 | D:1      | Reached skill level 3 in Axes
   708 | D:1      | Reached XP level 3. HP: 29/29 MP: 3/3
   999 | D:2      | Reached skill level 4 in Axes
   999 | D:2      | Reached XP level 4. HP: 15/35 MP: 4/4
  1868 | D:3      | Noticed Terence
  1880 | D:3      | Killed Terence
  1880 | D:3      | Reached skill level 4 in Shields
  1880 | D:3      | Reached XP level 5. HP: 26/41 MP: 5/5
  2094 | D:3      | Noticed MackTheKnife's ghost (amateur VSFi)
  2208 | D:3      | Killed MackTheKnife's ghost
  2208 | D:3      | Reached skill level 5 in Axes
  2208 | D:3      | Reached skill level 5 in Shields
  2208 | D:3      | Reached XP level 6. HP: 34/47 MP: 6/6
  2394 | D:3      | Noticed Robin
  2401 | D:3      | Killed Robin
  2700 | D:4      | Reached XP level 7. HP: 45/52 MP: 7/7
  2705 | D:4      | Reached skill level 6 in Shields
  2794 | D:4      | Reached skill level 6 in Axes
  3026 | D:4      | Noticed Ijyb
  3047 | D:4      | Killed Ijyb
  3229 | D:4      | Noticed Grinder
  3254 | D:5      | Entered Level 5 of the Dungeon
  3328 | D:5      | Found Widial's Quality Used Wands.
  3343 | D:5      | Noticed Pikel
  3366 | D:5      | Killed Pikel
  3366 | D:5      | Reached skill level 5 in Fighting
  3366 | D:5      | Reached skill level 7 in Axes
  3366 | D:5      | Reached XP level 8. HP: 57/63 MP: 8/8
  3493 | D:5      | Reached skill level 6 in Fighting
  3505 | D:5      | Reached skill level 8 in Axes
  3707 | D:5      | Reached XP level 9. HP: 71/71 MP: 9/9
  4029 | D:5      | Found a staircase to the Ecumenical Temple.
  4038 | D:5      | Reached skill level 7 in Fighting
  4043 | Temple   | Entered the Ecumenical Temple
  4052 | Temple   | Became a worshipper of Gozag Ym Sagoz the Greedy
  4244 | D:6      | Got an ancient scale mail
  4311 | D:6      | Identified the +4 scale mail "Zefie" {Stlth+} (You found it on level 6 of the Dungeon)
  4360 | D:6      | Reached skill level 7 in Shields
  4411 | D:6      | Found an ornate altar of the Wu Jian Council.
  4411 | D:6      | Found a white marble altar of Elyvilon.
  4545 | D:6      | Noticed a two-headed ogre
  4775 | D:6      | Reached skill level 9 in Axes
  5434 | D:7      | Found a stormy altar of Qazlal.
  5484 | D:7      | Reached skill level 8 in Fighting
  5559 | D:7      | Reached skill level 8 in Shields
  5559 | D:7      | Reached XP level 10. HP: 70/80 MP: 10/10
  6064 | D:8      | Reached skill level 10 in Axes
  6218 | D:8      | Noticed a two-headed ogre
  6518 | D:7      | Bought a runed battleaxe for 218 gold pieces
  6949 | D:8      | Noticed a two-headed ogre
  7111 | D:9      | Noticed MackTheKnife's ghost (novice DsGl)
  7129 | D:9      | Killed MackTheKnife's ghost
  7129 | D:9      | Reached skill level 11 in Axes
  7377 | D:9      | Noticed a two-headed ogre
  7399 | D:9      | HP: 16/82 [orc priest/divine providence (15)]
  7423 | D:9      | HP: 17/82 [orc wizard/magic dart (5)]
  7443 | D:8      | HP: 19/82 [shadow imp/nerve-wracking pain (2)]
  7450 | D:8      | HP: 10/82 [two-headed ogre/giant spiked club (11)]
  7450 | D:8      | HP: 2/82 [two-headed ogre/giant spiked club (8)]
  7451 | D:8      | Killed from afar by a shadow imp

Vault maps used:
D:1:      tarquinn_simple_flora_water_b, serial_forest, infiniplex_forest_3_way,
          infiniplex_forest_lined_ring, infiniplex_forest_zigzag_1,
          infiniplex_forest_diagonal, infiniplex_forest_corner_1
D:2:      first_bread
D:3:      kennysheep_generic_room_3, uniq_terence, uniq_robin
D:4:      grunt_ministairs_4, uniq_ijyb, uniq_grinder
D:5:      temple_green, nicolae_for_you_no_charge, uniq_pikel
D:6:      gammafunk_temple_overflow_wave
D:7:      nicolae_qazlal_eye_of_the_storm, serial_bayou_pond_a, grunt_ogre_cave,
          minmay_misc_feat_five, minivault_19
D:9:      minitemple, vehumet_crystals
Temple:   nicolae_temple_elliptical

Skill      XL: |  1  2  3  4  5  6  7  8  9 10 |
---------------+-------------------------------+-----
Axes           | 3 4 5 7 8 9 11 | 11.5
Shields        | 4 5 6 8 |  8.3
Fighting       | 5 6 8 |  8.4
Armour         | |  3.2

Action                   |  1- 3 |  4- 6 |  7- 9 | 10-12 || total
-------------------------+-------+-------+-------+-------++-------
Melee: War axe           |   119 |   154 |   330 |    89 ||   692
       Battleaxe         |       |       |       |    41 ||    41
Invok: Potion Petition   |       |       |       |     1 ||     1
       Call Merchant     |       |       |       |     1 ||     1
 Abil: Dig               |     1 |     1 |     6 |       ||     8
Evoke: Wand              |       |       |     4 |     1 ||     5
  Use: Potion            |       |     1 |       |     4 ||     5
       Scroll            |       |       |    11 |     3 ||    14
 Stab: Distracted        |       |       |       |     1 ||     1
  Eat: Chunk             |       |     6 |     5 |       ||    11
       Bread ration      |       |       |     1 |     2 ||     3
Armor: Scale mail        |    63 |    55 |    65 |    39 ||   222
       Chain mail        |       |       |    59 |       ||    59
Dodge: Dodged            |    39 |    56 |    80 |    42 ||   217
Block: Shield            |    66 |    84 |   189 |    71 ||   410

Vault maps used:
D:1:      tarquinn_simple_flora_water_b, serial_forest, infiniplex_forest_3_way,
          infiniplex_forest_lined_ring, infiniplex_forest_zigzag_1,
          infiniplex_forest_diagonal, infiniplex_forest_corner_1
D:2:      first_bread
D:3:      kennysheep_generic_room_3, uniq_terence, uniq_robin
D:4:      grunt_ministairs_4, uniq_ijyb, uniq_grinder
D:5:      temple_green, nicolae_for_you_no_charge, uniq_pikel
D:6:      gammafunk_temple_overflow_wave
D:7:      nicolae_qazlal_eye_of_the_storm, serial_bayou_pond_a, grunt_ogre_cave,
          minmay_misc_feat_five, minivault_19
D:9:      minitemple, vehumet_crystals
Temple:   nicolae_temple_elliptical

Table legend:
 A = Turns spent in this place as a percentage of turns spent in the entire game.
 B = Non-inter-level travel turns spent in this place as a percentage of non-inter-level travel turns spent in the entire game.
 C = Inter-level travel turns spent in this place as a percentage of turns spent in this place.
 D = Turns resting spent in this place as a percentage of non-inter-level travel turns spent in this place.
 E = Turns spent auto-exploring this place as a percentage of non-inter-level travel turns spent in this place.
 F = Non-inter-level travel turns spent in this place divided by the number of levels of this place that you've seen.
                   A       B       C       D       E      F
               +-------+-------+-------+-------+-------+----------------------
         Total | 100.0 | 100.0 |   0.3 |   1.9 |  10.9 | 244.7
       Dungeon |  99.6 |  99.6 |   0.3 |   1.9 |  10.9 | 270.9
        Temple |   0.4 |   0.4 |  10.0 |   0.0 |  11.1 |   9.0
               +-------+-------+-------+-------+-------+----------------------

Table legend:
 A = Kills in this place as a percentage of kills in entire the game.
 B = Kills by you in this place as a percentage of kills by you in the entire game.
 C = Kills by friends in this place as a percentage of kills by friends in the entire game.
 D = Other kills in this place as a percentage of other kills in the entire game.
 E = Experience gained in this place as a percentage of experience gained in the entire game.
 F = Experience gained in this place divided by the number of levels of this place that you have seen.
                   A       B       C       D       E      F
               +-------+-------+-------+-------+-------+----------------------
         Total | 100.0 | 100.0 |  -nan |  -nan | 100.0 | 653.2
       Dungeon | 100.0 | 100.0 |  -nan |  -nan | 100.0 | 725.8
               +-------+-------+-------+-------+-------+----------------------
